AoeStats
← dave9014

Arena

510617975Analyzed
3v3 RM · 2d ago on Oct 1, 2026· 58m 41s· 6 players
Game mode
Random Map
Map size
Normal (6 player)
Population
200
Speed
Normal
Resources
Standard
Victory
Conquest
Starting age
Dark Age
Ending age
Imperial Age
RankedLock teamsTeams togetherTeam positionsShared explorationLock speedFull tech treeHidden civsTurbo modeCheats
Victory
Defeat
🇮🇹 Jurchens · Italy
930
+13
🇮🇹 Danes · Italy
838
+16
🇮🇹 Goths · Italy
834
+16
🇨🇿 Franks · Czechia
858
-42
🇨🇿 Armenians · Czechia
857
-20
🇨🇿 Maya · Czechia
828
-14
dave9014
0:26 Loom
11:49 Feudal Age
13:05 Double-Bit Axe
16:00 Castle Age
15:25 Horse Collar
16:37 Fletching
18:49 Bow Saw
20:55 Padded Archer Armor
23:34 Bodkin Arrow
25:52 Leather Archer Armor
25:55 Heavy Plow
28:57 Thumb Ring
33:31 Imperial Age
34:15 Bracer
35:34 Ring Archer Armor
36:21 Wheelbarrow
35:31 Town Watch
36:58 Crop Rotation
37:31 Two-Man Saw
37:04 Ballistics
37:50 Elite Plumed Archer
41:11 Chemistry
40:53 Hand Cart
40:41 Town Patrol
41:28 Hul'che Javelineers
42:24 Onager
47:50 Hoardings
47:44 Pikeman
48:37 Forging
48:27 Scale Mail Armor
48:55 Halberdier
53:02 Iron Casting
52:42 Chain Mail Armor
RippS
8:23 Loom
10:38 Feudal Age
11:54 Double-Bit Axe
11:37 Man-at-Arms
12:24 Horse Collar
13:06 Long Swordsman
13:55 Arson
16:14 Forging
17:09 Scale Mail Armor
22:50 Castle Age
26:10 Two-Handed Swordsman
28:49 Squires
29:35 Champion
31:49 Pikeman
33:20 Bow Saw
38:51 Imperial Age
38:00 Chain Mail Armor
38:24 Ballistics
39:29 Onager
42:35 Plate Mail Armor
42:27 Heavy Plow
43:01 Fereters
CybeRich
8:08 Loom
11:04 Feudal Age
12:07 Double-Bit Axe
16:53 Scale Barding Armor
23:33 Castle Age
23:58 Forging
26:52 Husbandry
33:35 Chain Barding Armor
33:52 Iron Casting
49:17 Imperial Age
50:59 Cavalier
57:09 Paladin
ILTAV
11:21 Feudal Age
15:22 Castle Age
16:42 Double-Bit Axe
16:39 Horse Collar
17:48 Stone Mining
18:11 Bow Saw
20:50 Gold Mining
22:44 Heavy Plow
23:23 Stone Shaft Mining
23:26 Gold Shaft Mining
24:13 Wheelbarrow
26:28 Pikeman
27:09 Squires
29:26 Loom
30:42 Forging
30:33 Scale Mail Armor
33:37 Imperial Age
31:19 Gambesons
31:23 Arson
32:23 Iron Casting
32:40 Chain Mail Armor
31:51 Man-at-Arms
31:54 Hamask
33:33 Long Swordsman
35:22 Conscription
35:13 Siege Engineers
34:50 Two-Handed Swordsman
37:11 Plate Mail Armor
37:41 Blast Furnace
37:10 Onager
39:12 Chemistry
38:40 Halberdier
39:27 Capped Ram
40:18 Siege Onager
52:53 Champion
54:06 Siege Ram
54:16 Elite Varangian Guard
Ciccio Grigiotto
10:49 Feudal Age
15:16 Castle Age
13:28 Double-Bit Axe
17:03 Loom
17:08 Town Watch
18:47 Wheelbarrow
27:11 Fletching
35:13 Horse Collar
39:16 Imperial Age
36:49 Heavy Plow
37:04 Bow Saw
37:33 Gold Mining
37:34 Stone Mining
38:50 Gold Shaft Mining
38:39 Scale Barding Armor
38:45 Forging
39:14 Husbandry
39:25 Bloodlines
41:06 Chemistry
40:29 Chain Barding Armor
40:17 Elite Steppe Lancer
43:58 Conscription
48:29 Plate Barding Armor
49:36 Siege Engineers
50:12 Stone Shaft Mining
52:22 Iron Casting
56:59 Blast Furnace
holly1985
10:57 Feudal Age
14:54 Castle Age
13:34 Double-Bit Axe
13:32 Horse Collar
14:48 Loom
15:40 Wheelbarrow
24:27 Squires
25:26 Squires
24:47 Pikeman
24:48 Man-at-Arms
27:33 Murder Holes
27:49 Masonry
27:57 Hand Cart
27:37 Elite Skirmisher
28:56 Long Swordsman
31:40 Forging
31:31 Scale Mail Armor
33:19 Heavy Plow
36:51 Imperial Age
35:11 Iron Casting
36:18 Anarchy
36:37 Chain Mail Armor
37:38 Perfusion
37:59 Conscription
39:54 Halberdier
40:57 Elite Huskarl
42:42 Blast Furnace
50:01 Chemistry
Connection lost

Rejoining the realm…

Still unreachable

The connection could not be restored.

Session expired

The server has moved on; the page needs a fresh start.